 Dungeon Crawl Stone Soup version 0.29-a0-330-g52719c12eb (webtiles) character file.

Game seed: 3526211663964450568

597 kae the Firebug (level 7, -3/45 HPs)
             Began as an Octopode Fire Elementalist on Apr 16, 2022.
             Slain by a scorpion (7 damage)
             ... on level 4 of the Dungeon.
             The game lasted 00:02:46 (4290 turns).

kae the Firebug (Octopode Fire Elementalist)        Turns: 4290, Time: 00:02:46

Health: -3/45      AC:  1    Str:  7    XL:     7   Next: 40%
Magic:  13/20      EV: 13    Int: 19    God:
Gold:   958        SH:  4    Dex: 13    Spells: 3/12 levels left

rFire   + . .      SeeInvis .   h - staff of conjuration
rCold   x . .      Faith    .   k - +1 buckler
rNeg    . . .      Spirit   .   (helmet restricted)
rPois   .          Reflect  .   (no amulet)
rElec   .          Harm     .   d - ring of magical power
rCorr   .          Rampage  .   l - ring of fire
Will    .....                   (no ring)
Stlth   ++++......              (no ring)
HPRegen 0.15/turn               (no ring)
MPRegen 0.17/turn               (no ring)
                                (no ring)
                                (no ring)

@: no status effects
A: almost no armour, amphibious, 8 rings, camouflage 1, gelatinous body 1,
(nimble swimmer 1), tentacles
a: no special abilities


You were on level 4 of the Dungeon.
You visited 1 branch of the dungeon, and saw 4 of its levels.

You collected 958 gold pieces.

Inventory:

Missiles
 u - a throwing net
Armour
 k - a +1 buckler (worn)
Magical Staves
 h - a staff of conjuration (weapon)
Jewellery
 d - a ring of magical power (left tentacle)
 l - a ring of fire (right tentacle)
Wands
 p - a wand of iceblast (5)
Scrolls
 f - 2 scrolls of enchant armour
 g - 5 scrolls of teleportation
 i - a scroll of magic mapping
 j - a scroll of fog
 t - a scroll of blinking
Potions
 a - 3 potions of magic
 b - a potion of flight
 c - a potion of curing
 e - 2 potions of haste
 o - a potion of degeneration {unknown}
 q - 2 potions of invisibility {unknown}


   Skills:
 + Level 2.5 Fighting
 + Level 3.4 Dodging
 + Level 4.8 Stealth
 + Level 3.3 Spellcasting
 + Level 2.8 Conjurations
 * Level 5.1 Fire Magic


You had 3 spell levels left.
You knew the following spells:

 Your Spells              Type           Power      Damage    Failure   Level
a - Foxfire               Conj/Fire      100%       2x1d9     4%          1
b - Scorch                Fire           68%        2d8       3%          2
c - Conjure Flame         Conj/Fire      41%        6-21      12%         3
d - Inner Flame           Hex/Fire       19%        N/A       21%         3

Your spell library contained the following spells:

 Spells                   Type           Power      Damage    Failure   Level
 Ensorcelled Hibernation  Hex/Ice        6%         N/A       30%         2
 Passwall                 Tmut/Erth      2%         N/A       30%         2
 Swiftness                Air            3%         N/A       52%         3
 Flame Wave               Conj/Fire      41%        2d9       36%         4


Dungeon Overview and Level Annotations

Branches:
Dungeon (4/15)
 Temple: D:4-7

Altars:


Innate Abilities, Weirdness & Mutations

You cannot wear most types of armour.
You are amphibious.
You can wear up to eight rings at the same time.
Your skin changes colour to match your surroundings (Stealth+).
Your rubbery body absorbs attacks. (AC +1, EV +1)
((You are camouflaged when in or above water. (Stealth+)))
You have tentacles for arms and can constrict up to eight enemies at once.


Message History

You feel a strong surge of power!
You conjure some foxfire!
The foxfire hits the orc priest.
The orc priest is heavily wounded.
The foxfire hits the orc priest.
The orc priest is severely wounded.
The foxfire hits the orc.
The orc is lightly wounded.
The foxfire hits the orc but does no damage.
The orc is lightly wounded.
The orc priest invokes the aid of Beogh against you.
Pain shoots through your body!
Casting: Foxfire (safe; 4% risk of failure)
Confirm with . or Enter, or press ? or * to list all spells.
You feel a strong surge of power!
You conjure some foxfire!
The foxfire hits the orc.
The orc is heavily wounded.
The foxfire hits the orc!
You kill the orc!
The orc priest invokes the aid of Beogh against you.
Pain shoots through your body!
* * * LOW HITPOINT WARNING * * *
Casting: Foxfire (safe; 4% risk of failure)
Confirm with . or Enter, or press ? or * to list all spells.
You feel a strong surge of power!
You conjure some foxfire!
The foxfire hits the orc priest!
You kill the orc priest!
The foxfire hits the orc.
The orc is severely wounded.
Casting: Foxfire (safe; 4% risk of failure)
Confirm with . or Enter, or press ? or * to list all spells.
You feel a strong surge of power!
You conjure some foxfire!
The scorpion misses you.
The foxfire hits the scorpion!
The scorpion is heavily wounded.
The foxfire hits the orc but does no damage.
The orc is severely wounded.
The orc hits you with a +0 club.
* * * LOW HITPOINT WARNING * * *
The scorpion stings you!
You die...

.......#..##..........#
.......#..##.....>....#
.......#..##..........#
..........##..........#
.......##.##..........#
.......##.##..........#
.......#..............##
########.....##.ยง.......
#.....##.@.).....
#.....##.so......
#..........).##..
.......##.#..).. ...
.............####..
#.......##......... .
..... # ....... .....
.... [.. ...#


You could see a scorpion and an orc.

Vanquished Creatures
  Sigmund (D:2)
  An ice beast (D:4)
  A bullfrog (D:3)
  A scorpion (D:4)
  An orc priest (D:4)
  2 orc wizards
  5 adders
  4 gnolls (D:3)
  2 dart slugs
  5 orcs
  2 bats (D:1)
  5 endoplasms
  5 giant cockroaches
  3 goblins
  5 hobgoblins
  3 jackals (D:3)
  4 kobolds
  6 quokkas
  4 ball pythons
  3 frilled lizards
  8 rats
71 creatures vanquished.

Vanquished Creatures (others)
  259 foxfires
259 creatures vanquished.

Grand Total: 330 creatures vanquished

Notes
Turn   | Place    | Note
-------+----------+-------------------------------------------
     0 | D:1      | kae the Octopode Fire Elementalist began the quest for the
                  | Orb.
     0 | D:1      | Reached XP level 1. HP: 11/11 MP: 3/3
    40 | D:1      | Found a faded altar of an unknown god.
   572 | D:1      | Reached XP level 2. HP: 17/17 MP: 5/5
  1109 | D:1      | Reached XP level 3. HP: 7/22 MP: 6/6
  1840 | D:1      | Identified a scroll of acquirement
  1840 | D:1      | Acquired 778 gold pieces
  2099 | D:2      | Reached skill level 1 in Fighting
  2178 | D:2      | Noticed Sigmund
  2551 | D:2      | Killed Sigmund
  2552 | D:2      | Reached skill level 4 in Fire Magic
  2552 | D:2      | Reached XP level 4. HP: 20/29 MP: 8/8
  2552 | D:2      | Reached XP level 5. HP: 23/34 MP: 9/9
  2931 | D:3      | Reached XP level 6. HP: 38/39 MP: 10/10
  3045 | D:3      | Identified the +1 leather armour "Zuujito" {rF- rC+ Int+4
                  | SInv}
  3897 | D:4      | Learned a level 2 spell: Scorch
  3901 | D:4      | Learned a level 3 spell: Conjure Flame
  3905 | D:4      | Learned a level 3 spell: Inner Flame
  3906 | D:4      | Acquired a staff of conjuration
  3911 | D:4      | Noticed an ice beast
  3915 | D:4      | Killed an ice beast
  3916 | D:4      | Reached skill level 5 in Fire Magic
  3916 | D:4      | Reached XP level 7. HP: 45/45 MP: 11/11
  4290 | D:4      | Slain by a scorpion

Illustrated notes

Levels and vault maps discovered:
D:1:      roderic_crossed_star, layout_basic, chequers_ecumenical_altar_island,
          minmay_tromino_mix6
D:2:      layout_rooms, minmay_crystal_room, chequers_decorated_corner,
          uniq_sigmund
D:3:      layout_basic, minmay_randomly_rotated_circles
D:4:      minmay_chambers_of_threes, layout_basic

Skill      XL: |  1  2  3  4  5  6 |
---------------+-------------------+-----
Stealth        | 3 4 |  4.8
Fighting       | 1 2 |  2.5
Conjurations   | 2 |  2.8
Fire Magic     | 4 5 |  5.1
Dodging        | 3 |  3.4
Spellcasting   | 3 |  3.3

Action                   |  1- 3 |  4- 6 |  7- 9 || total
-------------------------+-------+-------+-------++-------
Melee: Unarmed           |    40 |    11 |       ||    51
       Tentacles         |    10 |     2 |       ||    12
       Constrict         |    11 |     3 |       ||    14
       Staff             |       |       |     5 ||     5
 Cast: Foxfire           |    60 |    73 |    18 ||   151
       Scorch            |       |       |     1 ||     1
  Use: Scroll            |     8 |     8 |       ||    16
 Stab: Sleeping          |     3 |     1 |       ||     4
Armor: Skin              |     3 |     3 |       ||     6
Dodge: Dodged            |    34 |    12 |     1 ||    47
Block: Buckler           |     1 |     3 |     1 ||     5

Table legend: (Time is in decaauts)
 A = Elapsed time spent in this place.
 B = Non-inter-level travel time spent in this place.
 C = Inter-level travel time spent in this place.
 D = Time resting spent in this place.
 E = Time spent auto-exploring this place.
 F = Levels seen in this place.
 G = Mean time per level.
                   A        B        C        D        E       F      G
               +--------+--------+--------+--------+--------+-----+--------+
         Total |   4292 |   4196 |     96 |    523 |   3069 |   4 | 1073.0 |
       Dungeon |   4292 |   4196 |     96 |    523 |   3069 |   4 | 1073.0 |
               +--------+--------+--------+--------+--------+-----+--------+

Top non-repeatable levels by time:
     D:1: 2155 daAuts
     D:3: 991 daAuts
     D:2: 744 daAuts
     D:4: 400 daAuts
